 Dungeon Crawl Stone Soup version 0.23-a0-359-g9beedce (webtiles) character file.

156 nixmar the Poker (level 5, -5/41 HPs)
             Began as a Merfolk Gladiator on Oct 23, 2018.
             Slain by Grinder (9 damage)
             ... while paralysed by Grinder
             ... on level 3 of the Dungeon.
             The game lasted 00:07:49 (2418 turns).

nixmar the Poker (Merfolk Gladiator)                Turns: 2418, Time: 00:07:49

Health: -5/41      AC:  8    Str: 13 (14) XL:     5   Next: 38%
Magic:  5/5        EV:  2    Int:  7 (8)  God:
Gold:   50         SH:  0    Dex: 14 (16) Spells: 4/4 levels left

rFire    . . .     SeeInvis .   a - +0 trident
rCold    . . .     Gourm    .   Q - +0 shield
rNeg     . . .     Faith    .   b - +0 leather armour
rPois    .         Spirit   .   c - +0 helmet
rElec    .         Reflect  .   (no cloak)
rCorr    .         Harm     .   (no gloves)
MR       .....                  (no boots)
Stlth    +.........             (no amulet)
HPRegen  0.13/turn              R - +4 ring of protection
MPRegen  0.09/turn              (no ring)

@: paralysed
A: change form in water, swift swim, stealthy swim
a: no special abilities


You were on level 3 of the Dungeon.
You were not hungry.

You visited 1 branch of the dungeon, and saw 3 of its levels.

You collected 50 gold pieces.

Inventory:

Hand Weapons
 a - a +0 trident (weapon)
Armour
 b - a +0 leather armour (worn)
 c - a +0 helmet (worn)
 Q - a +0 shield (worn)
Jewellery
 R - a +4 ring of protection (left hand)
Scrolls
 S - a scroll of teleportation
 X - 2 scrolls of identify
Potions
 T - a potion of invisibility
 W - a potion of magic
Comestibles
 e - a ration (quivered)


   Skills:
 + Level 3.4 Fighting
 * Level 6.6 Polearms
 - Level 2.0 Throwing
 + Level 5.1 Dodging
 + Level 1.0 Shields


You had 4 spell levels left.
You didn't know any spells.
Your spell library was empty.

Dungeon Overview and Level Annotations

Branches:
Dungeon (3/15)

Altars:

Annotations:
D:3 Grinder


Message History

You reach to attack!
You hit Grinder.
Grinder is heavily wounded.
Grinder struggles against the net.
Attack whom?
Press: ? - help, Dir - move target cursor, f/p - Grinder
Aim: Grinder (heavily wounded, entangled in a net)
You reach to attack!
You hit Grinder but do no damage.
Grinder is heavily wounded.
Grinder gestures at you.
You suddenly lose the ability to move!
Grinder struggles against the net.
Grinder blinks!
Grinder gestures at you. Pain shoots through your body!
* * * LOW HITPOINT WARNING * * *
Grinder hits you but does no damage. Grinder gestures at you.
You shrug off the repeated paralysis!
You can move again.
You are too injured to fight recklessly!
You are too injured to fight recklessly!
You barely miss Grinder.
Grinder is heavily wounded.
A rat comes into view.
Grinder blinks!
All of the chunks of flesh in your inventory have rotted away.
Grinder hits you but does no damage.
You see here a throwing net {!d , @Q1}.
Z - a throwing net {!d , @Q1} Grinder hits you.
* * * LOW HITPOINT WARNING * * *
You writhe in agony.
* * * LOW HITPOINT WARNING * * *
Throwing (i - inventory)
Z - a throwing net (quivered)
{!d , @Q1}
Press: ? - help, Shift-Dir - straight line, f/p - Grinder
Aim: Grinder (heavily wounded)
You throw a throwing net {!d , @Q1}.
The throwing net {!d , @Q1} hits Grinder.
Grinder is caught in the net!
Grinder is heavily wounded.
Grinder struggles against the net.
You barely miss Grinder.
Grinder is heavily wounded.
Grinder struggles against the net.
You puncture Grinder!
Grinder is severely wounded.
The rat closely misses you.
Grinder struggles against the net.
You puncture Grinder!
Grinder is severely wounded.
The rat barely misses you.
Grinder says, "Just stop there for a second..."
Grinder gestures at you.
You barely resist.
Grinder struggles against the net.
You barely miss Grinder.
Grinder is severely wounded.
The rat misses you.
You barely miss Grinder.
Grinder is severely wounded.
The rat bites you but does no damage.
Grinder blinks!
Your shield prevents you from hitting the rat.
The rat bites you.
* * * LOW HITPOINT WARNING * * *
The rat closely misses you.
You puncture the rat!
You kill the rat!
Firing (i - inventory) No suitable missiles.
Press: ? - help, Shift-Dir - straight line, f/p - Grinder
Aim: Grinder (severely wounded)
Okay, then.
Quiver which item? (- for none, * to show all) (? for menu, Esc to quit)
Quivering
e - 2 rations for throwing.
Tossing away (i - inventory)
e - 2 rations (quivered)
Press: ? - help, Shift-Dir - straight line, f/p - Grinder
Aim: Grinder (severely wounded)
You toss away a ration.
The ration completely misses Grinder.
Grinder gestures at you.
You suddenly lose the ability to move!
Grinder gestures at you. You resist with significant effort.
Grinder blinks!
You can move again.
You are too injured to fight recklessly!
You are too injured to fight recklessly!
You are too injured to fight recklessly!
You hit Grinder but do no damage.
Grinder is severely wounded.
Grinder gestures at you. Pain shoots through your body!
* * * LOW HITPOINT WARNING * * *
You hit Grinder but do no damage.
Grinder is severely wounded.
Grinder hits you but does no damage.
You barely miss Grinder.
Grinder is severely wounded.
You block Grinder's attack.
You hit Grinder.
Grinder is almost dead.
Grinder gestures at you.
You suddenly lose the ability to move!
Grinder hits you!
You die... ....██...██ .....█....█ .....█....█ █████

.....█....█ ██...██
.....█÷.).████....%██
.(...).....██..>....█
....<█████..█.......█
....(██████.█.......█
....)...<.......@..██
.....████████..5....█
.....█..............█
....██.██████.......█
.......█ ██...).██
██.████████ ██...██
██........██ ███..██
████████..█ ██..█
██.█ █(.█


You could see Grinder.

Vanquished Creatures
  Natasha (twice) (D:2)
  4 adders (D:2)
  A gnoll (D:1)
  3 dart slugs
  4 leopard geckos
  2 giant cockroaches
  6 hobgoblins
  4 jackals (D:3)
  8 bats
  8 frilled lizards
  3 goblins
  5 kobolds
  7 rats
57 creatures vanquished.

Notes
Turn   | Place    | Note
-------+----------+-------------------------------------------
     0 | D:1      | nixmar the Merfolk Gladiator began the quest for the Orb.
     0 | D:1      | Reached XP level 1. HP: 16/16 MP: 1/1
   113 | D:1      | Reached XP level 2. HP: 23/23 MP: 2/2
   153 | D:1      | Reached skill level 5 in Polearms
   436 | D:1      | Reached XP level 3. HP: 24/28 MP: 3/3
  1138 | D:2      | Reached XP level 4. HP: 31/35 MP: 4/4
  1291 | D:2      | Reached skill level 6 in Polearms
  1370 | D:2      | Noticed Natasha
  1379 | D:2      | Killed Natasha
  1436 | D:2      | Noticed Natasha
  1455 | D:2      | Killed Natasha
  1455 | D:2      | Reached skill level 5 in Dodging
  1455 | D:2      | Reached XP level 5. HP: 18/41 MP: 5/5
  2207 | D:3      | Reached skill level 1 in Shields
  2234 | D:3      | Noticed Grinder
  2373 | D:3      | Paralysed by Grinder for 6 turns
  2392 | D:3      | Paralysed by Grinder for 7 turns
  2411 | D:3      | Paralysed by Grinder for 3 turns
  2417 | D:3      | Paralysed by Grinder for 2 turns
  2418 | D:3      | Slain by Grinder

Vault maps used:
D:1:      nicolae_arrival_memento_mori, minmay_lizard_pond
D:2:      first_ration, uniq_natasha
D:3:      uniq_grinder, uniq_jessica

Skill      XL: |  1  2  3  4  5 |
---------------+----------------+-----
Polearms       | 5 6 |  6.6
Fighting       | 3 |  3.4
Dodging        | 5 |  5.1
Shields        | 1 |  1.0
Throwing       | |  2.0

Action                   |  1- 3 |  4- 6 || total
-------------------------+-------+-------++-------
Melee: Trident           |   107 |   118 ||   225
Throw: Throwing net      |       |     6 ||     6
  Use: Scroll            |     5 |     4 ||     9
       Potion            |       |     2 ||     2
 Stab: Sleeping          |     3 |     2 ||     5
  Eat: Chunk             |     1 |     4 ||     5
Armor: Leather armour    |    18 |    39 ||    57
Dodge: Dodged            |    59 |    59 ||   118
Block: Shield            |       |    42 ||    42

Table legend:
 A = Non-vault XP
 B = Vault XP
 C = Vault XP percentage of total XP
 D = Non-vault monster count
 E = Vault monster count
 F = Vault count percentage of total count
                 A         B        C        D         E       F
            +---------+---------+-------+---------+---------+-------
      Total |     184 |      40 |  17.9 |      51 |       6 |  10.5
            +---------+---------+-------+---------+---------+-------
        D:1 |      55 |       5 |   8.3 |      24 |       5 |  17.2
        D:2 |     110 |      35 |  24.1 |      16 |       1 |   5.9
        D:3 |      19 |       0 |   0.0 |      11 |       0 |   0.0
            +---------+---------+-------+---------+---------+-------

Vault maps used:
D:1:      nicolae_arrival_memento_mori, minmay_lizard_pond
D:2:      first_ration, uniq_natasha
D:3:      uniq_grinder, uniq_jessica
